TOP OF THE 1ST |
Thunder Bay Northern Lions BC batting - Pitching for Brooklyn Dodgers : LHP Leon Robinson
|
Pitching: LHP Leon Robinson
|
|
Batting: RHB Keith Fish
|
0-0: Ball 1-0: Called Strike 1-1: Called Strike 1-2: Ball 2-2: Ball 3-2: Base on Balls
|
Batting: RHB Robert O'Connor
|
0-0: Ball 1-0: Ball 2-0: Called Strike 2-1: Foul Ball, location: 2F 2-2: Ball 3-2: Fly out, F2 (Popup, 2LF)
|
Batting: RHB Jonathan Cook
|
0-0: Called Strike 0-1: Ball 1-1: Swinging Strike 1-2: Ball 2-2: Foul Ball, location: 2F 2-2: Foul Ball, location: 2F 2-2: Foul Ball, location: 2F 2-2: Ball 3-2: Fly out, F5 (Line Drive, 56)
|
Batting: SHB Carlos Rodríguez
|
0-0: Ball 1-0: Ball 2-0: Ground out 4-3 (Groundball, 4)
|
Top of the 1st over - 0 run(s), 0 hit(s), 0 error(s), 1 left on base; Thunder Bay 0 - Brooklyn 0 |
BOTTOM OF THE 1ST |
Brooklyn Dodgers batting - Pitching for Thunder Bay Northern Lions BC : RHP Ramón Ortega
|
Pitching: RHP Ramón Ortega
|
|
Batting: RHB Vincent Crane
|
0-0: Swinging Strike 0-1: Foul Ball, location: 2F 0-2: Ball 1-2: Strikes out swinging
|
Batting: LHB Kelly Brown
|
0-0: Called Strike 0-1: Called Strike 0-2: SINGLE (Line Drive, 8RS)
|
Batting: RHB Thom Wilcox
|
0-0: Called Strike 0-1: Ball 1-1: Called Strike 1-2: Ball 2-2: Strikes out swinging
|
Batting: LHB Ron Bascombe
|
0-0: Ball Pickoff Throw to First - Out!
|
Bottom of the 1st over - 0 run(s), 1 hit(s), 0 error(s), 0 left on base; Thunder Bay 0 - Brooklyn 0 |
TOP OF THE 2ND |
Thunder Bay Northern Lions BC batting - Pitching for Brooklyn Dodgers : LHP Leon Robinson
|
Batting: LHB Pedro Willis
|
0-0: Reached on Error, E4 (Popup, 3D)
|
Batting: LHB Mike Blue
|
0-0: Called Strike 0-1: Ball 1-1: Foul Ball, location: 2F 1-2: Foul Ball, location: 2F 1-2: Foul Ball, location: 2F 1-2: SINGLE (Flyball, 8RS) Pedro Willis to second
|
Batting: RHB Adrian Smith
|
0-0: Ball 1-0: Ball 2-0: Called Strike 2-1: Foul Ball, location: 2F 2-2: Ball 3-2: Base on Balls Pedro Willis to third Mike Blue to second
|
Batting: LHB Curtis Peters
|
0-0: Foul Ball, location: 2F 0-1: Foul Ball, location: 2F 0-2: Foul Ball, location: 2F 0-2: Ball 1-2: Foul Ball, location: 2F 1-2: Ball 2-2: Fly out, F8 (Flyball, 8LD) Runner from 3rd tags up, SCORES, no throw
|
Batting: RHB Raúl Valadez
|
0-0: Called Strike 0-1: TRIPLE (Line Drive, 7LD) Mike Blue scores Adrian Smith scores
|
Batting: RHB Keith Fish
|
0-0: Ball 1-0: Ball 2-0: Ball 3-0: Base on Balls
|
Batting: RHB Robert O'Connor
|
0-0: Called Strike 0-1: Ball 1-1: Swinging Strike 1-2: Grounds into double play, 5-4-3 (Groundball, 56)
|
Top of the 2nd over - 3 run(s), 2 hit(s), 1 error(s), 1 left on base; Thunder Bay 3 - Brooklyn 0 |
BOTTOM OF THE 2ND |
Brooklyn Dodgers batting - Pitching for Thunder Bay Northern Lions BC : RHP Ramón Ortega
|
Batting: LHB Ron Bascombe
|
0-0: Ball 1-0: Called Strike 1-1: Ball 2-1: Called Strike 2-2: Strikes out swinging
|
Batting: RHB Luis Rivas
|
0-0: Ball 1-0: Ball 2-0: Fly out, F6 (Popup, 6D)
|
Batting: RHB Miguel Vidro
|
0-0: Called Strike 0-1: Called Strike 0-2: Ground out 5-3 (Groundball, 5)
|
Bottom of the 2nd over - 0 run(s), 0 hit(s), 0 error(s), 0 left on base; Thunder Bay 3 - Brooklyn 0 |
TOP OF THE 3RD |
Thunder Bay Northern Lions BC batting - Pitching for Brooklyn Dodgers : LHP Leon Robinson
|
Batting: RHB Jonathan Cook
|
0-0: Called Strike 0-1: Ball 1-1: Ball 2-1: Foul Ball, location: 2F 2-2: Foul Ball, location: 2F 2-2: Ball 3-2: Strikes out looking
|
Pitching: RHP Alberto García
|
|
Batting: SHB Carlos Rodríguez
|
0-0: Ball 1-0: Foul Ball, location: 2F 1-1: SINGLE (Groundball, 4MS) (infield hit)
|
Batting: LHB Pedro Willis
|
0-0: Ball 1-0: Foul Ball, location: 2F 1-1: Ball 2-1: Foul Ball, location: 2F 2-2: Fly out, F8 (Flyball, 8RM)
|
Batting: LHB Mike Blue
|
0-0: Ball 1-0: Ball 2-0: Foul Ball, location: 2F 2-1: Swinging Strike 2-2: Strikes out swinging
|
Top of the 3rd over - 0 run(s), 1 hit(s), 0 error(s), 1 left on base; Thunder Bay 3 - Brooklyn 0 |
BOTTOM OF THE 3RD |
Brooklyn Dodgers batting - Pitching for Thunder Bay Northern Lions BC : RHP Ramón Ortega
|
Batting: RHB Gustavo Mateo
|
0-0: Ball 1-0: Ground out 5-3 (Groundball, 5S)
|
Batting: RHB Pedro Torrez
|
0-0: Called Strike 0-1: Ball 1-1: Foul Ball, location: 2F 1-2: Strikes out swinging
|
Batting: RHB Juan Martínez
|
0-0: Ball 1-0: Foul Ball, location: 2F 1-1: Ball 2-1: Foul Ball, location: 2F 2-2: Ground out 3-1 (Groundball, 34)
|
Bottom of the 3rd over - 0 run(s), 0 hit(s), 0 error(s), 0 left on base; Thunder Bay 3 - Brooklyn 0 |
TOP OF THE 4TH |
Thunder Bay Northern Lions BC batting - Pitching for Brooklyn Dodgers : RHP Alberto García
|
Batting: RHB Adrian Smith
|
0-0: Foul Ball, location: 2F 0-1: Ball 1-1: Ball 2-1: Ball 3-1: Swinging Strike 3-2: DOUBLE (Line Drive, 7LS)
|
Batting: LHB Curtis Peters
|
0-0: Ball 1-0: Ball 2-0: Called Strike 2-1: Called Strike 2-2: Foul Ball, location: 2F 2-2: Strikes out swinging
|
Batting: RHB Raúl Valadez
|
0-0: Foul Ball, location: 2F 0-1: Ball 1-1: Ball 2-1: Called Strike 2-2: Foul Ball, location: 2F 2-2: Ball 3-2: Strikes out looking
|
Batting: RHB Keith Fish
|
0-0: SINGLE (Groundball, 6MD) Adrian Smith to third Runner from 3rd tries for Home, SAFE, no throw or cutoff
|
Batting: RHB Robert O'Connor
|
0-0: Ball 1-0: Called Strike Keith Fish steals 2nd base 1-1: Called Strike 1-2: Ball 2-2: Foul Ball, location: 2F 2-2: Foul Ball, location: 2F 2-2: Strikes out looking
|
Top of the 4th over - 1 run(s), 2 hit(s), 0 error(s), 1 left on base; Thunder Bay 4 - Brooklyn 0 |
BOTTOM OF THE 4TH |
Brooklyn Dodgers batting - Pitching for Thunder Bay Northern Lions BC : RHP Ramón Ortega
|
Batting: RHB Vincent Crane
|
0-0: Called Strike 0-1: Ball 1-1: Ball 2-1: Ball 3-1: Called Strike 3-2: Fly out, F9 (Flyball, 9LMF)
|
Batting: LHB Kelly Brown
|
0-0: Ground out 1-3 (Groundball, 23)
|
Batting: RHB Thom Wilcox
|
0-0: Ground out 6-3 (Groundball, 6)
|
Bottom of the 4th over - 0 run(s), 0 hit(s), 0 error(s), 0 left on base; Thunder Bay 4 - Brooklyn 0 |
TOP OF THE 5TH |
Thunder Bay Northern Lions BC batting - Pitching for Brooklyn Dodgers : RHP Alberto García
|
Batting: RHB Jonathan Cook
|
0-0: Called Strike 0-1: SINGLE (Popup, 6S)
|
Batting: SHB Carlos Rodríguez
|
0-0: Ball 1-0: Ball 2-0: Ball 3-0: Foul Ball, location: 2F 3-1: TRIPLE (Flyball, 8RXD) Jonathan Cook scores
|
Batting: LHB Pedro Willis
|
0-0: Ball 1-0: Foul Ball, location: 2F 1-1: Ground out 1-3 (Groundball, 15)
|
Batting: LHB Mike Blue
|
0-0: Called Strike 0-1: Ball 1-1: Swinging Strike 1-2: Foul Ball, location: 2F 1-2: Hit by Pitch
|
Batting: RHB Adrian Smith
|
0-0: Grounds into double play, 1-4-3 (Groundball, 15)
|
Top of the 5th over - 1 run(s), 2 hit(s), 0 error(s), 1 left on base; Thunder Bay 5 - Brooklyn 0 |
BOTTOM OF THE 5TH |
Brooklyn Dodgers batting - Pitching for Thunder Bay Northern Lions BC : RHP Ramón Ortega
|
Batting: LHB Ron Bascombe
|
0-0: Ball 1-0: Ball 2-0: Called Strike 2-1: Called Strike 2-2: SINGLE (Line Drive, 4MD)
|
Batting: RHB Luis Rivas
|
0-0: Ball 1-0: Ball 2-0: Grounds into double play, U6-3 (Groundball, 6M)
|
Batting: RHB Miguel Vidro
|
0-0: Called Strike 0-1: Foul Ball, location: 2F 0-2: Strikes out swinging
|
Bottom of the 5th over - 0 run(s), 1 hit(s), 0 error(s), 0 left on base; Thunder Bay 5 - Brooklyn 0 |
TOP OF THE 6TH |
Thunder Bay Northern Lions BC batting - Pitching for Brooklyn Dodgers : RHP Alberto García
|
Batting: LHB Curtis Peters
|
0-0: Hit by Pitch
|
Batting: RHB Raúl Valadez
|
0-0: Sac Bunt - play at first, batter OUT! 1-3 Curtis Peters to second
|
Batting: RHB Keith Fish
|
0-0: Called Strike 0-1: Swinging Strike 0-2: Ball 1-2: Foul Ball, location: 2F 1-2: Fly out, F9 (Flyball, 9LM)
|
Batting: RHB Robert O'Connor
|
0-0: Ball 1-0: Fly out, F8 (Flyball, 8RXD)
|
Top of the 6th over - 0 run(s), 0 hit(s), 0 error(s), 1 left on base; Thunder Bay 5 - Brooklyn 0 |
BOTTOM OF THE 6TH |
Brooklyn Dodgers batting - Pitching for Thunder Bay Northern Lions BC : RHP Ramón Ortega
|
Batting: RHB Gustavo Mateo
|
0-0: Ball 1-0: Fly out, F8 (Flyball, 8LXD)
|
Batting: RHB Pedro Torrez
|
0-0: Ball 1-0: Fly out, F6 (Popup, 6M)
|
Batting: RHB Juan Martínez
|
0-0: Ground out 2-3 (Groundball, 2R)
|
Bottom of the 6th over - 0 run(s), 0 hit(s), 0 error(s), 0 left on base; Thunder Bay 5 - Brooklyn 0 |
TOP OF THE 7TH |
Thunder Bay Northern Lions BC batting - Pitching for Brooklyn Dodgers : RHP Alberto García
|
Batting: RHB Jonathan Cook
|
0-0: Ball 1-0: Called Strike 1-1: Swinging Strike 1-2: Ground out 5-3 (Groundball, 5S)
|
Batting: SHB Carlos Rodríguez
|
0-0: Ground out 4-3 (Groundball, 4)
|
Batting: LHB Pedro Willis
|
0-0: Ball 1-0: Ball 2-0: Ball 3-0: Base on Balls
|
Pitching: RHP Henry Hart
|
|
Batting: LHB Mike Blue
|
0-0: Ground out U3 (Groundball, 3L)
|
Top of the 7th over - 0 run(s), 0 hit(s), 0 error(s), 1 left on base; Thunder Bay 5 - Brooklyn 0 |
BOTTOM OF THE 7TH |
Brooklyn Dodgers batting - Pitching for Thunder Bay Northern Lions BC : RHP Ramón Ortega
|
Batting: RHB Vincent Crane
|
0-0: Fly out, F4 (Popup, 15)
|
Batting: LHB Kelly Brown
|
0-0: Ball 1-0: Called Strike 1-1: Ball 2-1: Ball 3-1: Foul Ball, location: 2F 3-2: Foul Ball, location: 2F 3-2: Base on Balls
|
Batting: RHB Thom Wilcox
|
0-0: Ball 1-0: Foul Ball, location: 2F 1-1: Ball 2-1: Foul Ball, location: 2F 2-2: Foul Ball, location: 2F 2-2: Ball 3-2: SINGLE (Groundball, 56D) Kelly Brown to second
|
Batting: LHB Ron Bascombe
|
0-0: Grounds into double play, 4-6-3 (Groundball, 4)
|
Bottom of the 7th over - 0 run(s), 1 hit(s), 0 error(s), 1 left on base; Thunder Bay 5 - Brooklyn 0 |
TOP OF THE 8TH |
Thunder Bay Northern Lions BC batting - Pitching for Brooklyn Dodgers : RHP Henry Hart
|
Batting: RHB Adrian Smith
|
0-0: Ball 1-0: Called Strike 1-1: Swinging Strike 1-2: SINGLE (Groundball, 25) (infield hit)
|
Batting: LHB Curtis Peters
|
0-0: Bunted foul 0-1: Ball 1-1: Ball 2-1: Sac Bunt - play at first, batter OUT! 1-4 Adrian Smith to second
|
Batting: RHB Raúl Valadez
|
0-0: Ball 1-0: Ball 2-0: Ball 3-0: Base on Balls
|
Batting: RHB Keith Fish
|
0-0: Foul Ball, location: 2F 0-1: Ball 1-1: Ball 2-1: Foul Ball, location: 2F 2-2: Ball 3-2: DOUBLE (Flyball, 8LM) Adrian Smith scores Raúl Valadez to third Runner from 3rd tries for Home, SAFE, throw made at trailing runner, SAFE at third!
|
Batting: RHB Robert O'Connor
|
0-0: Ball 1-0: Foul Ball, location: 2F 1-1: Ball 2-1: Foul Ball, location: 2F 2-2: Foul Ball, location: 2F 2-2: Ground out 5-3 (Groundball, 56) Keith Fish scores
|
Batting: RHB Jonathan Cook
|
0-0: Ball 1-0: Fly out, F8 (Flyball, 8RM)
|
Top of the 8th over - 3 run(s), 2 hit(s), 0 error(s), 0 left on base; Thunder Bay 8 - Brooklyn 0 |
BOTTOM OF THE 8TH |
Brooklyn Dodgers batting - Pitching for Thunder Bay Northern Lions BC : RHP Ramón Ortega
|
Batting: RHB Luis Rivas
|
0-0: Called Strike 0-1: Fly out, F8 (Flyball, 8LD)
|
Batting: RHB Miguel Vidro
|
0-0: Hit by Pitch
|
Batting: RHB Gustavo Mateo
|
0-0: Ball 1-0: Ball 2-0: Called Strike 2-1: Swinging Strike 2-2: Foul Ball, location: 2F 2-2: Foul Ball, location: 2F 2-2: Strikes out swinging
|
Batting: RHB Pedro Torrez
|
0-0: Called Strike 0-1: Called Strike 0-2: Ball 1-2: DOUBLE (Flyball, 78D) Miguel Vidro to third Runner from 3rd tries for Home, SAFE, no throw or cutoff
|
Batting: RHB Juan Martínez
|
0-0: Ball 1-0: Ball 2-0: Ground out U3 (Groundball, 3)
|
Bottom of the 8th over - 1 run(s), 1 hit(s), 0 error(s), 1 left on base; Thunder Bay 8 - Brooklyn 1 |
TOP OF THE 9TH |
Thunder Bay Northern Lions BC batting - Pitching for Brooklyn Dodgers : RHP Henry Hart
|
Batting: SHB Carlos Rodríguez
|
0-0: Ball 1-0: Ball 2-0: Ball 3-0: Base on Balls
|
Batting: LHB Pedro Willis
|
0-0: Ball 1-0: Swinging Strike 1-1: Foul Ball, location: 2F 1-2: Foul Ball, location: 2F 1-2: Strikes out swinging
|
Pitching: RHP Jason Ackerman
|
|
Batting: LHB Mike Blue
|
0-0: Called Strike 0-1: Ball 1-1: Ball Wild Pitch! Carlos Rodríguez to second 2-1: DOUBLE (Groundball, 5L) Carlos Rodríguez scores
|
Batting: RHB Adrian Smith
|
0-0: Ball 1-0: Ball 2-0: Ball 3-0: Base on Balls
|
Batting: LHB Curtis Peters
|
0-0: SINGLE (Groundball, 34) Mike Blue to third Adrian Smith to second
|
Batting: RHB Raúl Valadez
|
0-0: Called Strike 0-1: Ball 1-1: Called Strike 1-2: Ball 2-2: Grounds into double play, 5-4-3 (Groundball, 56)
|
Top of the 9th over - 1 run(s), 2 hit(s), 0 error(s), 2 left on base; Thunder Bay 9 - Brooklyn 1 |
BOTTOM OF THE 9TH |
Brooklyn Dodgers batting - Pitching for Thunder Bay Northern Lions BC : RHP Ramón Ortega
|
Batting: RHB Vincent Crane
|
0-0: Ball 1-0: SINGLE (Groundball, 4D)
|
Batting: LHB Kelly Brown
|
0-0: Ball 1-0: Ball 2-0: Fly out, F7 (Flyball, 78M)
|
Batting: RHB Thom Wilcox
|
0-0: Ball 1-0: Fly out, F4 (Popup, 4MD)
|
Batting: LHB Ron Bascombe
|
0-0: Ball 1-0: Ground out 3-1 (Groundball, 34)
|
Bottom of the 9th over - 0 run(s), 1 hit(s), 0 error(s), 1 left on base; Thunder Bay 9 - Brooklyn 1 |
|